AoeStats
← River

Fortress

511054063Analyzed
1v1 RM · 5h ago on Oct 3, 2026· 24m 49s· 2 players
Game mode
Random Map
Map size
Small (3 player)
Population
200
Speed
Normal
Resources
Standard
Victory
Conquest
Starting age
Dark Age
Ending age
Imperial Age
RankedLock teamsTeams togetherTeam positionsShared explorationLock speedFull tech treeHidden civsTurbo modeCheats
Victory
Defeat
🇨🇦 Danes · Canada
1026
+17
🇩🇪 Lithuanians · Germany
1039
-17
River
7:34 Feudal Age
11:46 Castle Age
9:41 Double-Bit Axe
9:40 Horse Collar
10:29 Gold Mining
11:09 Loom
12:13 Wheelbarrow
12:39 Bow Saw
13:17 Arson
16:33 Scale Mail Armor
19:10 Chain Mail Armor
25:17 Hand Cart
Flügelhuso
7:53 Feudal Age
12:09 Castle Age
10:59 Double-Bit Axe
11:06 Gold Mining
11:09 Horse Collar
12:11 Crossbowman
12:46 Fletching
13:37 Bow Saw
16:12 Padded Archer Armor
16:50 Thumb Ring
18:19 Wheelbarrow
21:05 Hand Cart
20:48 Bodkin Arrow
21:43 Leather Archer Armor
21:17 Pikeman
Connection lost

Rejoining the realm…

Still unreachable

The connection could not be restored.

Session expired

The server has moved on; the page needs a fresh start.